 Dungeon Crawl Stone Soup version 0.21.1-1-g345015fe64 (webtiles) character file.

202 Lusmu the Poker (level 5, -11/34 HPs)
             Began as a Tengu Monk on Apr 21, 2018.
             Killed by nerve-wracking pain
             ... invoked by an orc priest
              (14 damage)
             ... on level 3 of the Dungeon.
             The game lasted 00:07:15 (2944 turns).

Lusmu the Poker (Tengu Monk)                        Turns: 2944, Time: 00:07:16

Health: -11/34     AC:  8    Str: 12    XL:     5   Next: 80%
Magic:  6/6        EV: 12    Int: 11    God:
Gold:   82         SH:  0    Dex: 16    Spells: 4/4 levels left

rFire    . . .     SeeInvis .   h - +0 trident
rCold    . . .     Gourm    .   (no shield)
rNeg     . . .     Faith    .   m - +0 ring mail
rPois    .         Spirit   .   (helmet restricted)
rElec    .         Reflect  .   k - +2 cloak
rCorr    .         Harm     .   (no gloves)
MR       .....                  (boots unavailable)
Stlth    +.........             (no amulet)
HPRegen  0.11/turn              (no ring)
MPRegen  0.10/turn              (no ring)

@: no status effects
A: beak, talons 3, able to fly 1
a: Fly


You were on level 3 of the Dungeon.
You were hungry.

You visited 1 branch of the dungeon, and saw 3 of its levels.

You collected 82 gold pieces.

Inventory:

Hand Weapons
 h - a +0 trident (weapon)
 l - a +0 hunting sling
Missiles
 b - 3 tomahawks of dispersal (quivered)
 p - 21 arrows
 q - 89 stones
Armour
 k - a +2 cloak (worn)
 m - a +0 ring mail (worn)
Scrolls
 a - a scroll of enchant armour {unknown}
 e - a scroll of amnesia
 f - a scroll of magic mapping {unknown}
 n - a scroll of remove curse {unknown}
 o - a scroll of random uselessness {unknown}
 r - a scroll of enchant weapon {unknown}
 t - a scroll of fog {unknown}
Potions
 d - a potion of flight
 g - 2 potions of mutation {unknown}
 i - a potion of haste
 j - a potion of curing {unknown}
Comestibles
 c - 3 rations
 s - 3 chunks of flesh


   Skills:
 + Level 4.9 Fighting
 + Level 5.4 Polearms
 - Level 3.2 Dodging
 - Level 2.0 Stealth


You had 4 spell levels left.
You didn't know any spells.

Dungeon Overview and Level Annotations

Branches:
Dungeon (3/15)

Altars:


Innate Abilities, Weirdness & Mutations

You have a beak for a mouth.
You have claws for feet.
You can fly.


Message History

An orc comes into view. It is wielding a dagger.
You closely miss the orc priest.
You peck the orc priest, but do no damage.
The orc priest is lightly wounded.
The orc priest closely misses you.
You barely miss the orc priest.
You peck the orc priest, but do no damage.
The orc priest is lightly wounded.
The orc priest invokes the aid of Beogh against you.
Beogh smites you!
You closely miss the orc priest.
The orc priest is lightly wounded.
The orc priest calls down the wrath of Beogh upon you.
Beogh smites you!
* * * LOW HITPOINT WARNING * * *
You hit the orc priest.
The orc priest is moderately wounded.
The orc priest mumbles some strange prayers to Beogh against you.
Pain shoots through your body!
You die...

## #.
#############################.
#>......)..)..................
#.#####.#####################.
#.# #.# ##
#.#####)############# #
#............@ooooo.. ..
###......############ ##
#.###.......# ####..<#..)....#
#......#.<.....#
#.####.#.......#
#.##...........#
###.##........##.# ##
....##........##.# #<


You could see an orc priest and 4 orcs.

Vanquished Creatures
  A hound (D:3)
  An orc priest (D:3)
  An iguana (D:3)
  An adder (D:2)
  2 oozes (D:1)
  2 worms (D:3)
  2 dart slugs (D:1)
  2 leopard geckos (D:1)
  11 orcs
  4 giant cockroaches
  7 goblins
  8 hobgoblins
  8 jackals
  3 kobolds
  2 quokkas (D:3)
  2 ball pythons
  9 bats
  3 frilled lizards
  2 rats
71 creatures vanquished.

Notes
Turn   | Place    | Note
-------+----------+-------------------------------------------
     0 | D:1      | Lusmu the Tengu Monk began the quest for the Orb.
     0 | D:1      | Reached XP level 1. HP: 14/14 MP: 2/2
    29 | D:1      | Reached XP level 2. HP: 6/19 MP: 3/3
   570 | D:1      | Reached XP level 3. HP: 23/23 MP: 4/4
   612 | D:1      | Reached skill level 4 in Polearms
  1292 | D:2      | Reached XP level 4. HP: 19/29 MP: 5/5
  2272 | D:3      | Gained mutation: You can fly. [Tengu growth]
  2272 | D:3      | Reached XP level 5. HP: 34/34 MP: 6/6
  2403 | D:3      | Reached skill level 5 in Polearms
  2944 | D:3      | Killed from afar by an orc priest

Skill      XL: |  1  2  3  4  5 |
---------------+----------------+-----
Polearms       | 4 5 |  5.4
Fighting       | 4 |  4.9
Dodging        | |  3.2
Stealth        | |  2.0

Action                   |  1- 3 |  4- 6 || total
-------------------------+-------+-------++-------
Melee: Spear             |    90 |    18 ||   108
       Kick              |    16 |    27 ||    43
       Peck              |    10 |    22 ||    32
       Trident           |       |    97 ||    97
  Use: Scroll            |     3 |       ||     3
 Stab: Sleeping          |     6 |     1 ||     7
  Eat: Chunk             |     1 |     5 ||     6
Armor: Robe              |    17 |     4 ||    21
       Ring mail         |       |    24 ||    24
Dodge: Dodged            |    76 |    61 ||   137
